[Event "*** Titled Tuesday Blitz"]
[Site "Chess.com"]
[Date "2020.10.20"]
[Round "1"]
[White "Tooweak2slow03"]
[Black "tteshan"]
[Result "1-0"]
[WhiteElo "2772"]
[BlackElo "2381"]
[TimeControl "180+1"]
[EndTime "10:07:29 PDT"]
[Termination "Tooweak2slow03 won by checkmate"]

1. e4 c5 2. Nf3 Nc6 3. Bb5 e6 4. O-O Nge7 5. d4 a6 6. Be2 cxd4 7. Nxd4 Nxd4 8. Qxd4 Nc6 9. Qc3 f6 10. Nd2 Bb4 11.
Qg3 O-O 12. c3 Bc5 13. Nc4 b5 14. Be3 Bxe3 15. Nxe3 Bb7 16. Rad1 Ne5 17. f4 Nf7 18. Bf3 Qb6 19. Qf2 Rfd8 20. Kh1 Rac8 21. Rd2 b4 22. c4 a5 23. b3 a4 24. Rfd1 axb3 25. axb3 Bc6 26. Rd3 Ra8 27. Qg3 Ra3 28. Ng4 Kh8 29. e5 f5 30. Ne3 Be4 31. Rd4 d5 32. cxd5 Rxb3 33. dxe6 Rxd4 34. exf7 Rd8 35. Rxd8+ Qxd8 36. Bxe4 fxe4 37. h4 Rb1+ 38. Kh2 Qe7 39. e6 b3 40. Nd5 Qf8 41. f5 b2 42. Qb3 Qd6+ 43. g3 Rf1 44. e7 Rf2+ 45. Kh3 Qf6 46. f8=Q+ Qxf8 47.
exf8=Q# 1-0

[Event "*** Titled Tuesday Blitz"]
[Site "Chess.com"]
[Date "2020.10.20"]
[Round "1"]
[White "ShapkinAnatoliy"]
[Black "JoachimMouhamad"]
[Result "1-0"]
[WhiteElo "2649"]
[BlackElo "2311"]
[TimeControl "180+1"]
[EndTime "10:07:29 PDT"]
[Termination "ShapkinAnatoliy won by resignation"]

1. d4 Nf6 2. c4 g6 3. Nc3 d5 4. Nf3 Bg7 5. cxd5 Nxd5 6. e4 Nxc3 7. bxc3 O-O 8. Be3 c5 9. Be2 Qa5 10. O-O Rd8 11. Qb3 cxd4 12. cxd4 Nc6 13. Rad1 Qb4 14. d5 Qxb3 15. axb3 Ne5 16. Nd4 Ng4 17. Bg5 Nf6 18.
f3 Bd7 19. Be3 Rac8 20. Rc1 e6 21. dxe6 fxe6 22. Bc4 Kf7 23. Rfd1 Ke7 24. e5 Nh5 25. Bg5+ Ke8 26. Bxd8 Rxd8 27. Nxe6 Bxe6 28. Bxe6 Bxe5 29. Rxd8+ Kxd8 30. g3 Ng7 31. Bd5 b6 32. Kf2 Ne8 33.
Ke3 Ke7 34. f4 Bd6 35. Rc8 Nc7 36. Be4 Bc5+ 37. Kd3 Ne6 38. Ra8 a5 39. Ra7+ Kf6 40.
Rxh7 Nd4 41. Rh6 Nxb3 42. Rxg6+ Ke7 43. h4 a4 44. Bd5 Nc1+ 45. Kd2 Nb3+ 46. Bxb3 axb3 47.
Kc3 1-0

[Event "*** Titled Tuesday Blitz"]
[Site "Chess.com"]
[Date "2020.10.20"]
[Round "1"]
[White "night_player"]
[Black "PhileKhoob"]
[Result "0-1"]
[WhiteElo "2212"]
[BlackElo "2542"]
[TimeControl "180+1"]
[EndTime "10:07:30 PDT"]
[Termination "PhileKhoob won by checkmate"]

1. e4 c5 2. c3 d5 3. exd5 Qxd5 4. d4 Nf6 5. Nf3 Nc6 6. Be3 Bg4 7. Be2 cxd4 8. cxd4 e6 9. O-O Be7 10. Nc3 Qd6 11.
a3 O-O 12. h3 Bh5 13. Qb3 b6 14. Rad1 Rfd8 15. Nb5 Qd7 16. g4 Bg6 17. Ne5 Nxe5 18.
dxe5 Nd5 19. Bf3 Rac8 20. Nc3 Qc7 21. Nxd5 exd5 22. Rxd5 Rxd5 23. Qxd5 Rd8 24. Qb7 Qxe5 25. Qxa7 Bd6 26. Rd1 Qh2+ 27. Kf1 h5 28. Ke2 h4 29.
Qxb6 Rd7 30. Bc5 Qe5+ 31. Be3 Kh7 32. Qd4 Qh2 33. Bc6 Rd8 34. Qb6 Rb8 35. Qd4 Be5 36.
Qc5 Rxb2+ 37. Rd2 Rb1 38. Bf3 Qxh3 39. Qxe5 Qf1# 0-1

[Event "*** Titled Tuesday Blitz"]
[Site "Chess.com"]
[Date "2020.10.20"]
[Round "1"]
[White "chenxiaoyuer"]
[Black "paulrusan"]
[Result "0-1"]
[WhiteElo "2513"]
[BlackElo "2214"]
[TimeControl "180+1"]
[EndTime "10:07:31 PDT"]
[Termination "paulrusan won by resignation"]

1. e4 g6 2. d4 Bg7 3. Nf3 d6 4. Nc3 a6 5. a4 Nc6 6. Be2 Bg4 7. Be3 Nf6 8. d5 Bxf3 9. Bxf3 Ne5 10. Be2 c5 11. O-O O-O 12. f4 Ned7 13. a5 Qc7 14. Bc4 Rfe8 15. Qe2 e6 16. dxe6 fxe6 17. f5 gxf5 18.
exf5 d5 19. fxe6 dxc4 20. exd7 Qxd7 21. Qxc4+ Kh8 22. Bg5 Qg4 23. Qxg4 Nxg4 24. h3 Bd4+ 25. Kh1 Nf2+ 26. Kh2 Ne4 27. Nxe4 Rxe4 28. c3 Be5+ 29. Kh1 Re8 30. Rae1 Bg7 31. Rxe4 Rxe4 32. Bd8 c4 33. Rf2 h5 34. Bb6 Be5 35. Rf1 Re2 36.
Bd4 Bxd4 37. cxd4 Rxb2 38. Rc1 Rb4 39. d5 Kg7 40. d6 Kf7 41. Re1 c3 42. Rc1 Ke6 43.
Rxc3 Kxd6 44. Kh2 Rb5 45. Rg3 Rxa5 46. Rg6+ Kc7 47. g4 hxg4 48. hxg4 b5 49. g5 b4 50. Rf6 Rxg5 51. Rxa6 b3 52. Ra1 Kc6 53. Rb1 Rb5 54. Kg3 Kc5 55. Kf3 Kc4 56. Ke2 Kc3 57.
Kd1 b2 0-1

[Event "*** Titled Tuesday Blitz"]
[Site "Chess.com"]
[Date "2020.10.20"]
[Round "1"]
[White "aloe_normansen"]
[Black "GregShahade"]
[Result "1/2-1/2"]
[WhiteElo "2339"]
[BlackElo "2661"]
[TimeControl "180+1"]
[EndTime "10:07:36 PDT"]
[Termination "Game drawn by repetition"]

1. e4 e5 2. Nf3 Nc6 3. d4 exd4 4.
Nxd4 Nf6 5. Nxc6 bxc6 6. e5 Qe7 7. Qe2 Nd5 8. c4 Ba6 9. h4 O-O-O 10. b3 g6 11. Bb2 Bg7 12. Nd2 Rhe8 13. Qe4 f5 14. Qf3 Bxe5 15. O-O-O Bxb2+ 16. Kxb2 Qf6+ 17. Kc2 Nb4+ 18. Kb1 f4 19. g4 Bb7 20. Bg2 d5 21. Rhe1 Rxe1 22. Rxe1 Qd4 23. Qe2 Nd3 24. Nf3 Qc3 25.
Rd1 dxc4 26. bxc4 Qb4+ 27. Ka1 Qc3+ 28. Kb1 c5 29. Ne1 Bxg2 30. Rxd3 Rxd3 31. Nxd3 Qd4 32. f3 Bh1 33. Qe8+ Qd8 34. Qe6+ Kb8 35. Ne5 Qd1+ 36. Kb2 Qd2+ 37. Kb1 Qb4+ 38. Kc2 Qa4+ 39. Kb2 Qb4+ 40. Kc2 Qa4+ 41. Kb2 Qb4+ 42. Kc2 1/2-1/2

[Event "*** Titled Tuesday Blitz"]
[Site "Chess.com"]
[Date "2020.10.20"]
[Round "1"]
[White "PavelShkapenko"]
[Black "zmeeed67"]
[Result "1-0"]
[WhiteElo "2703"]
[BlackElo "2351"]
[TimeControl "180+1"]
[EndTime "10:07:37 PDT"]
[Termination "PavelShkapenko won on time"]

1. e4 Nc6 2. d4 d6 3. d5 Nb8 4.
c4 Nf6 5. Nc3 g6 6. Be2 Bg7 7.
Nf3 O-O 8. O-O c6 9. dxc6 Nxc6 10. h3 Bd7 11. Be3 a6 12. Rc1 Qc7 13. Nd5 Qd8 14. Bb6 Qc8 15. Bd3 Re8 16. Re1 Nh5 17. Nc7 Bxb2 18. Rb1 Bg7 19. Nxe8 Qxe8 20. c5 dxc5 21.
Bxc5 b5 22. Bf1 Nf4 23. Be3 Ne6 24. Qd2 Ne5 25. Nxe5 Bxe5 26. Qd5 Bg7 27. Rbc1 b4 28. Bd2 a5 29. Red1 Ba4 30. Re1 Rd8 31. Qxa5 Rxd2 32. Re2 Rxe2 33. Bxe2 Nd4 34. Ba6 Bd7 35. Qxb4 Bf6 36.
Rc7 Be6 37. Rb7 Kg7 38. Qc5 Qa8 39. Qa7 Qd8 40. Qc5 Qa8 41. Qa7 1-0

[Event "*** Titled Tuesday Blitz"]
[Site "Chess.com"]
[Date "2020.10.20"]
[Round "1"]
[White "mirceaparligras"]
[Black "allvim"]
[Result "1-0"]
[WhiteElo "2659"]
[BlackElo "2322"]
[TimeControl "180+1"]
[EndTime "10:07:37 PDT"]
[Termination "mirceaparligras won by resignation"]

1. d4 Nf6 2. c4 g6 3. Nc3 d5 4.
cxd5 Nxd5 5. e4 Nxc3 6. bxc3 Bg7 7. Nf3 c5 8. h3 O-O 9. Be3 Nc6 10. Be2 Qa5 11. O-O cxd4 12. cxd4 b6 13. d5 Ne5 14. Nxe5 Bxe5 15. Bd4 Bxd4 16. Qxd4 Ba6 17. Bxa6 Qxa6 18. e5 Rfd8 19. Rfd1 Rac8 20. a4 Rc5 21. d6 exd6 22.
exd6 Rc6 23. Qf6 Rd7 24. Re1 Qc8 25. Rad1 Qd8 26. Re7 Rxe7 27. Qxe7 Rc8 28. Qxa7 Rc6 29.
Qe7 Rc8 30. Qb7 Rb8 31. Qd5 Qd7 32. h4 h5 33. Qb5 Qg4 34. Qd5 Qd7 35. Qd4 b5 36.
axb5 Rxb5 37. g3 Rf5 38. Ra1 Qc6 39. d7 Rd5 40. Qe4 Rd1+ 41. Rxd1 1-0

[Event "*** Titled Tuesday Blitz"]
[Site "Chess.com"]
[Date "2020.10.20"]
[Round "1"]
[White "DenishevM"]
[Black "chesslh19"]
[Result "1-0"]
[WhiteElo "2538"]
[BlackElo "2216"]
[TimeControl "180+1"]
[EndTime "10:07:37 PDT"]
[Termination "DenishevM won on time"]

1. d4 Nf6 2. Nf3 d5 3. Bg5 e6 4. e3 Be7 5. Bd3 O-O 6. O-O Nbd7 7. c3 c5 8. Nbd2 b6 9. Qe2 Bb7 10. Rad1 Re8 11. Rfe1 h6 12. Bh4 Ne4 13. Bg3 Ndf6 14. Ne5 Nd7 15. Nxd7 Qxd7 16. dxc5 Nxc5 17. Bc2 Qc6 18.
Nf3 Ne4 19. Ne5 Nxg3 20. hxg3 Qc7 21. Qd3 f5 22. Ng6 Bf6 23. Nf4 Rad8 24. g4 e5 25. Nh5 e4 26. Nxf6+ gxf6 27. Qe2 f4 28. Bb3 Re7 29. Rd4 Kh8 30. Red1 Red7 31. Qd2 Qe5 32. exf4 Qe6 33. Qe2 Rg8 34. f3 Re7 35. fxe4 Qxg4 36. Qxg4 Rxg4 37. Bxd5 Bxd5 38. Rxd5 Rxe4 39. Rd8+ Kg7 40.
R1d7+ Kg6 41. Rg8+ Kf5 42. Rxg4 Kxg4 43. Rxa7 1-0

[Event "*** Titled Tuesday Blitz"]
[Site "Chess.com"]
[Date "2020.10.20"]
[Round "1"]
[White "ristingho"]
[Black "Funo09"]
[Result "1-0"]
[WhiteElo "2426"]
[BlackElo "2805"]
[TimeControl "180+1"]
[EndTime "10:07:38 PDT"]
[Termination "ristingho won by resignation"]

1. d4 Nf6 2. c4 Nc6 3. Nf3 e6 4. Nc3 Bb4 5. Qc2 O-O 6. Bd2 Re8 7.
a3 Bf8 8. e3 d6 9. Bd3 e5 10.
d5 Nb8 11. h3 c6 12. O-O g6 13.
e4 Nh5 14. b4 Nf4 15. Rfe1 Qf6 16. Bxf4 exf4 17. Rad1 Nd7 18. Ne2 h5 19. Ned4 Ne5 20. Nxe5 dxe5 21. Nf3 c5 22. Qb2 g5 23. Bf1 g4 24. Nh2 Bd7 25. Kh1 Rac8 26. Be2 Qh4 27. Rg1 Qxf2 28. Rdf1 Qg3 29. hxg4 hxg4 30. b5 Bd6 31.
Rc1 Kg7 32. Rc3 Qh4 33. g3 Qh5 34. gxf4 Rh8 35. Bxg4 Bxg4 36. Rcg3 Kf6 37. Rxg4 Qh3 38. fxe5+ Bxe5 39. Rf4+ Ke7 40. Qxe5+ Kd8 41. Rxf7 1-0

[Event "*** Titled Tuesday Blitz"]
[Site "Chess.com"]
[Date "2020.10.20"]
[Round "1"]
[White "Shivagami"]
[Black "FMJoseHerrera"]
[Result "1-0"]
[WhiteElo "2246"]
[BlackElo "2540"]
[TimeControl "180+1"]
[EndTime "10:07:38 PDT"]
[Termination "Shivagami won on time"]

1. d4 Nf6 2. c4 c5 3. d5 b5 4.
Qc2 g6 5. e4 Bg7 6. cxb5 a6 7.
a4 O-O 8. f4 e6 9. dxe6 fxe6 10.
Nf3 d5 11. e5 Nh5 12. g3 Nd7 13. Nc3 Bb7 14. Bh3 Qe7 15. Ng5 axb5 16. Nxb5 d4 17.
O-O Ra6 18. Nc7 Nxe5 19. Nxa6 Bxa6 20. Re1 Qxg5 21. Bxe6+ Kh8 22. fxg5 Nf3+ 23. Kf2 d3 24. Qd1 Bb7 25. Bf4 Nxe1 26. Kxe1 Nxf4 27. gxf4 Rxf4 28. Qxd3 Bd4 29. Qb5 Re4+ 30. Kd2 Rxe6 31. Qxb7 Re8 32. Qc6 Rd8 33. Kc2 Bg7 34. a5 Rb8 35. Ra2 Bd4 36. a6 Rf8 37. a7 Rf2+ 38. Kd3 1-0

[Event "*** Titled Tuesday Blitz"]
[Site "Chess.com"]
[Date "2020.10.20"]
[Round "1"]
[White "biostatistician"]
[Black "BikingBrian"]
[Result "0-1"]
[WhiteElo "2546"]
[BlackElo "2252"]
[TimeControl "180+1"]
[EndTime "10:07:39 PDT"]
[Termination "BikingBrian won by resignation"]

1. d4 Nf6 2. Nf3 g6 3. c4 Bg7 4. Nc3 O-O 5. e4 d6 6. Be2 Na6 7. Bg5 h6 8. Bh4 g5 9. Bg3 Nh5 10. O-O e5 11. dxe5 Nxg3 12. hxg3 dxe5 13. Ne1 c6 14. Nc2 f5 15. exf5 Bxf5 16. Ne3 Bh7 17. Bg4 Qe7 18. Qd7 Qxd7 19. Bxd7 Nc5 20. Rad1 Rad8 21.
Bg4 Bd3 22. Be2 e4 23. Rfe1 Bxc3 24. bxc3 Na4 25. Rc1 Nb2 26. Kf1 Bxe2+ 27. Rxe2 Nd3 28. Rb1 b6 29. g4 Ne5 30. Ke1 Rd3 31. Rb3 Rfd8 32.
Rc2 h5 33. gxh5 g4 34. a4 g3 35. Ke2 gxf2 36. Kxf2 Rd2+ 37. Rxd2 Rxd2+ 38. Kg3 Re2 39. Kf4 Nd3+ 40. Kxe4 Nc5+ 41. Kf3 Rxe3+ 42. Kxe3 Nxb3 43.
g4 Nc5 44. g5 Nxa4 45. Kd4 Nc5 46. Ke5 a5 47. h6 Nd7+ 48. Ke6 Nf8+ 49. Kf6 a4 50. g6 Nxg6 51. Kxg6 a3 0-1

[Event "*** Titled Tuesday Blitz"]
[Site "Chess.com"]
[Date "2020.10.20"]
[Round "1"]
[White "pirulillo"]
[Black "juancruzarias"]
[Result "0-1"]
[WhiteElo "2210"]
[BlackElo "2537"]
[TimeControl "180+1"]
[EndTime "10:07:42 PDT"]
[Termination "juancruzarias won on time"]

1. e4 c5 2. Nf3 d6 3. d4 cxd4 4. Nxd4 Nf6 5. Nc3 Nc6 6. Bg5 e6 7. Bb5 Bd7 8. Bxc6 bxc6 9. Qf3 h6 10. Bh4 Be7 11. O-O O-O 12. Rad1 d5 13. e5 Ne8 14.
Bxe7 Qxe7 15. Nb3 c5 16. Ne2 Rc8 17. c3 Bb5 18. Rfe1 Nc7 19. Nf4 Na8 20. g3 Nb6 21.
Nd2 Bc6 22. h4 Rfd8 23. Nh5 Na4 24. Qg4 g6 25. Nf6+ Kg7 26. Rb1 d4 27. c4 d3 28.
Rec1 Rd4 29. f4 Ba8 30. b3 Qb7 31. Qh3 Nb6 32. Re1 Rcd8 33. Re3 Nd7 34. Rbe1 Nxf6 35. exf6+ Kxf6 36. h5 gxh5 37. Nf3 d2 38. Rd1 Rd3 39. Rxd3 Rxd3 40. Nh4 Qe4 41. Qg2 Qe1+ 42. Qf1 Rxg3+ 43. Kh2 Re3 44. f5 Qxh4+ 0-1

[Event "*** Titled Tuesday Blitz"]
[Site "Chess.com"]
[Date "2020.10.20"]
[Round "1"]
[White "Ze-Pequeno"]
[Black "Fh2411"]
[Result "1-0"]
[WhiteElo "2208"]
[BlackElo "2511"]
[TimeControl "180+1"]
[EndTime "10:07:42 PDT"]
[Termination "Ze-Pequeno won on time"]

1. e4 c5 2. Nf3 e6 3. d4 cxd4 4. Nxd4 a6 5. Bd3 Nc6 6. Nxc6 dxc6 7. Nd2 e5 8. O-O Nf6 9. Nc4 Bd6 10. f4 Ng4 11.
Nxd6+ Qxd6 12. Qf3 h5 13. h3 Qc5+ 14. Kh1 Be6 15.
f5 Bc4 16. Bg5 f6 17. Bh4 Bxd3 18. cxd3 Qe3 19. Rae1 Qxf3 20. gxf3 Nh6 21. Bf2 Rd8 22. Rd1 Kf7 23. d4 exd4 24. Rxd4 Rxd4 25. Bxd4 Rd8 26. Bc3 Ng8 27. Kg2 Ne7 28. Kf2 c5 29. Ke3 Nc6 30. f4 c4 31. e5 Rd3+ 32. Ke4 Rxh3 33. Rd1 Ke7 34. e6 Rh2 35. Rd7+ Ke8 36. Rxb7 Ne7 37. Bb4 Nc6 38. Bc5 Re2+ 39. Kd5 1-0

[Event "*** Titled Tuesday Blitz"]
[Site "Chess.com"]
[Date "2020.10.20"]
[Round "1"]
[White "grandcoach"]
[Black "Fusikk"]
[Result "0-1"]
[WhiteElo "2129"]
[BlackElo "2506"]
[TimeControl "180+1"]
[EndTime "10:07:42 PDT"]
[Termination "Fusikk won on time"]

1. e4 e5 2. Nf3 Nc6 3. d4 exd4 4. c3 Nf6 5. e5 Ne4 6. Qe2 d5 7. exd6 f5 8. dxc7 Qxc7 9. Nbd2 dxc3 10. Nxe4 fxe4 11.
Qxe4+ Be7 12. Bc4 Bd7 13. O-O O-O-O 14. Bf4 Qa5 15. bxc3 Bf6 16. Rab1 Rhe8 17. Qc2 Bf5 18. Qb3 b6 19. Nd4 Nxd4 20. cxd4 Bxb1 21. Rxb1 Re1+ 22.
Rxe1 Qxe1+ 23. Bf1 Kb7 24. d5 Bd4 25. Qf3 Qxf2+ 26. Qxf2 Bxf2+ 27. Kxf2 Rxd5 28. Be2 Rf5 29. Bf3+ Ka6 30. Be3 Ra5 31. Bd4 Rxa2+ 32. Ke3 g6 33. Be2+ Kb7 34. Bf3+ Kc7 35. h4 a5 36. Be5+ Kd7 37.
Bg4+ Kc6 38. Bf3+ Kc5 39. Kf4 a4 40. Kg5 Rd2 41. Kh6 Rd7 0-1

[Event "*** Titled Tuesday Blitz"]
[Site "Chess.com"]
[Date "2020.10.20"]
[Round "1"]
[White "pedro_nascimento85"]
[Black "Orest_Vovk"]
[Result "0-1"]
[WhiteElo "2008"]
[BlackElo "2474"]
[TimeControl "180+1"]
[EndTime "10:07:43 PDT"]
[Termination "Orest_Vovk won by resignation"]

1. d4 Nc6 2. Nf3 d6 3. c4 Bg4 4. e3 e5 5. dxe5 dxe5 6. Be2 Qxd1+ 7. Bxd1 O-O-O 8. h3 Bh5 9. Nc3 Bb4 10. g4 Bg6 11. O-O Bxc3 12. bxc3 h5 13. g5 Bd3 14. Re1 Bxc4 15.
Bb3 Bxb3 16. axb3 Nge7 17. Ba3 Nd5 18. c4 Nb6 19. Rad1 Rxd1 20. Rxd1 Rd8 21. Rxd8+ Kxd8 22. Bb2 f6 23. gxf6 gxf6 24. Kg2 Ke7 25. Kg3 Kf7 26.
Kh4 Kg6 27. Nd2 Ne7 28. Kg3 Nd7 29. f4 Nf5+ 30. Kf3 Nd6 31. e4 Nf7 32. h4 a5 33.
Nf1 exf4 34. Kxf4 Nfe5 35. Bc3 b6 36. Ne3 Nd3+ 37. Kf3 N3c5 38. Nd5 Nxb3 39. Nxc7 Ne5+ 40. Bxe5 fxe5 41. Ke3 a4 42. Nb5 Nc5 43. Na3 Kf6 44. Nb5 Ke6 45. Nc3 a3 46. Kd2 Nxe4+ 47. Kc2 Nxc3 48.
Kxc3 e4 49. Kb3 e3 50. Kxa3 0-1

[Event "*** Titled Tuesday Blitz"]
[Site "Chess.com"]
[Date "2020.10.20"]
[Round "1"]
[White "NeverW84M8"]
[Black "canary2016"]
[Result "1-0"]
[WhiteElo "2463"]
[BlackElo "1949"]
[TimeControl "180+1"]
[EndTime "10:07:45 PDT"]
[Termination "NeverW84M8 won by checkmate"]

1. d4 d5 2. c4 c6 3. Nf3 Nf6 4.
Qc2 dxc4 5. Qxc4 Bf5 6. Nc3 e6 7. Bg5 Be7 8. Bxf6 Bxf6 9. e4 Bg6 10. Rd1 Nd7 11. Qb3 Qc7 12. Be2 O-O 13. h4 h6 14. h5 Bh7 15. e5 Be7 16. O-O Rfd8 17. Rfe1 Rac8 18. Bd3 Bxd3 19. Rxd3 c5 20. Qd1 cxd4 21.
Rxd4 Nc5 22. Nb5 Qb6 23. Nd6 Bxd6 24. exd6 Qxb2 25. Ne5 Nd7 26. Nxd7 Rxd7 27. Qa4 Rcd8 28. Qxa7 Qxd4 29. Qxd4 Rxd6 30. Qb4 b6 31. Re4 Rd1+ 32. Kh2 R1d2 33. Qxb6 R8d5 34. g4 Rxa2 35. Rf4 Rad2 36. Qb8+ Rd8 37. Qa7 R8d7 38. Qa8+ Rd8 39. Qf3 R8d7 40.
Re4 R2d3 41. Re3 R3d5 42. Kg3 Rd4 43. Qa8+ Rd8 44. Qa5 R4d5 45. Qc3 Rd1 46. f3 Rg1+ 47. Kf4 Rgd1 48. Re5 R1d4+ 49. Kg3 Rd3 50. Qc6 R3d6 51. Qb5 Rd2 52. g5 hxg5 53. Rxg5 Rd1 54. h6 g6 55. Qe5 Rg1+ 56. Kf2 f6 57. Qxf6 Rd7 58. Rxg1 Rf7 59. Rxg6+ Kf8 60. Qxf7+ Kxf7 61. Rg3 Kf6 62. h7 Kf7 63.
h8=Q Ke7 64. Qe5 Kd7 65. Rg7+ Kc6 66. Rc7+ Kb6 67. Qc5+ Ka6 68. Ra7# 1-0

[Event "*** Titled Tuesday Blitz"]
[Site "Chess.com"]
[Date "2020.10.20"]
[Round "1"]
[White "crazy_but_lazy"]
[Black "Skat2704"]
[Result "1-0"]
[WhiteElo "2455"]
[BlackElo "1199"]
[TimeControl "180+1"]
[EndTime "10:07:45 PDT"]
[Termination "crazy_but_lazy won by resignation"]

1. d4 d5 2. c4 e6 3. Nc3 Nf6 4.
cxd5 exd5 5. Bg5 Be7 6. e3 h6 7. Bh4 O-O 8. Bd3 b6 9. Nf3 Bb7 10. O-O Nbd7 11. Rc1 c5 12. Ne5 Nxe5 13. dxe5 Ne4 14.
Bxe4 dxe4 15. Qxd8 Bxd8 16. Bg3 a6 17. Rfd1 Bc6 18.
Nd5 Re8 19. f4 h5 20. Be1 Bxd5 21. Rxd5 Be7 22. Rcd1 Red8 23. Rd7 Kf8 24. f5 Ke8 25. e6 fxe6 26. fxe6 Bf6 27. Bc3 Bxc3 28. bxc3 Rxd7 29. Rxd7 Rd8 30. Rxg7 Rd2 31. Rb7 b5 32. Rc7 c4 33.
Rc5 Rxa2 34. Rxh5 Rc2 35. Rh7 a5 36. Ra7 a4 37. h4 Rd2 38. h5 b4 39. h6 Rd5 40. h7 Rh5 41. cxb4 c3 42. h8=Q+ Rxh8 43. Ra8+ Ke7 44. Rxh8 a3 45. Kf2 a2 46. Rh1 Kxe6 47. Ke2 Kd5 48. Ra1 Kc4 49. Rxa2 Kxb4 50. g4 Kb3 51. Ra1 Kb2 52. Rg1 c2 53. g5 1-0

[Event "*** Titled Tuesday Blitz"]
[Site "Chess.com"]
[Date "2020.10.20"]
[Round "1"]
[White "Arfan48"]
[Black "Ermito2020"]
[Result "1-0"]
[WhiteElo "2353"]
[BlackElo "2634"]
[TimeControl "180+1"]
[EndTime "10:07:46 PDT"]
[Termination "Arfan48 won on time"]

1. e4 e6 2. Nf3 d5 3. Nc3 d4 4. Ne2 c5 5. c3 Nc6 6. cxd4 cxd4 7. Qa4 Bc5 8. b4 Bxb4 9. Nexd4 Ne7 10. Bb5 Ba5 11. Ba3 Bd7 12. Bxe7 Kxe7 13. Bxc6 Bxc6 14. Nxc6+ bxc6 15. O-O c5 16. Ne5 Kf8 17. Rab1 Bb6 18. d3 Kg8 19. Qc4 h6 20. a4 Qd4 21. Qxd4 cxd4 22. Nc4 Bc5 23. Rb5 Be7 24. Rb7 Bc5 25.
Rfb1 Rf8 26. Ne5 f6 27. Nd7 Rc8 28. Rb8 Kh7 29. Rxc8 Rxc8 30. Rc1 Rc7 31. Nxc5 e5 32. Nb3 Rb7 33. Na5 Rb4 34. Ra1 Rb2 35. Nc4 Rb3 36.
Rd1 Rb4 37. a5 Ra4 38. g3 Ra2 39. Kg2 Kg6 40. h4 h5 41. Rb1 Rc2 42. Rb7 Rc3 43.
Rxa7 Rxd3 44. Nd6 Ra3 45. Nf5 1-0

[Event "*** Titled Tuesday Blitz"]
[Site "Chess.com"]
[Date "2020.10.20"]
[Round "1"]
[White "PattyCastillo"]
[Black "Sokoloco"]
[Result "0-1"]
[WhiteElo "1935"]
[BlackElo "2462"]
[TimeControl "180+1"]
[EndTime "10:07:46 PDT"]
[Termination "Sokoloco won on time"]

1. d4 g6 2. Nc3 Bg7 3. e4 d6 4.
Nf3 Nf6 5. Be3 O-O 6. Qd2 c6 7. O-O-O b5 8. Bd3 Qa5 9. Kb1 Nbd7 10. Nd5 Qd8 11. Nxf6+ Nxf6 12. Bh6 a5 13. Bxg7 Kxg7 14. h4 Bg4 15. Qf4 Qc8 16. e5 Nd5 17. Qg3 dxe5 18. dxe5 h5 19. Rde1 Nc7 20. Ng5 Bf5 21. Bxf5 Qxf5 22.
f3 Ne6 23. Nxe6+ Qxe6 24. Qg5 Rad8 25. g4 Rh8 26. Rhg1 Kf8 27. f4 hxg4 28. Qxg4 Qxg4 29.
Rxg4 e6 30. a3 Rd2 31. Reg1 Ke7 32. h5 Rxh5 33. R4g2 Rxg2 34. Rxg2 Rh4 35. Rf2 c5 36. Kc1 Kd7 37. Kd2 Kc6 38. Kd3 Kd5 39. Rf3 c4+ 40. Kc3 Kc5 41. b3 b4+ 42. axb4+ axb4+ 43. Kd2 Rh2+ 44. Kc1 c3 45. Kd1 Rd2+ 46. Kc1 Kd4 47. Rf1 Ke4 0-1

[Event "*** Titled Tuesday Blitz"]
[Site "Chess.com"]
[Date "2020.10.20"]
[Round "1"]
[White "Fy_Rakotomaharo"]
[Black "Chessbard1972"]
[Result "1-0"]
[WhiteElo "2642"]
[BlackElo "2305"]
[TimeControl "180+1"]
[EndTime "10:07:47 PDT"]
[Termination "Fy_Rakotomaharo won by resignation"]

1. e4 c5 2. Nf3 a6 3. c3 d5 4. exd5 Qxd5 5. d4 Nf6 6. Be3 cxd4 7. Qxd4 Nc6 8. Qh4 Ng4 9. Nbd2 Nxe3 10. fxe3 Qc5 11.
O-O-O Be6 12. Kb1 O-O-O 13. Nd4 Bd7 14. Bc4 e6 15. Rhf1 Ne5 16. Bb3 Be7 17. Qg3 Bf6 18.
Ne4 Qe7 19. Nxf6 gxf6 20. Qh4 Rhg8 21. g3 Ng4 22. Rde1 e5 23. Nc2 Bb5 24. c4 Bc6 25. h3 Nh2 26. Qxf6 Qc5 27. Rf2 Nf3 28. Rxf3 Bxf3 29. Qxf3 Qe7 30. g4 Rd2 31. Rd1 Rgd8 32. Rxd2 Rxd2 33. a3 Kb8 34. Nb4 e4 35. Qf4+ Ka7 36.
Nd5 Qc5 37. Qxe4 Rh2 38. Qf3 Qd6 39. Qf4 Qxf4 40. Nxf4 Rf2 41. Bc2 Rf3 42. Bxh7 Rxe3 43. h4 Rg3 44. Bf5 Rf3 45. Nd5 Rf1+ 46. Kc2 Rh1 47. h5 b5 48. cxb5 axb5 49. Nc3 Rh2+ 50. Kb3 Kb6 51. Bd3 Rh4 52. Bxb5 Rxg4 53. Bc4 f5 54. Be6 Rg5 55. h6 Rh5 56. h7 f4 57.
Nd5+ Kc5 58. Nxf4 Rxh7 59. Nd3+ Kd4 60. Nb4 Re7 61. Nc6+ 1-0

[Event "*** Titled Tuesday Blitz"]
[Site "Chess.com"]
[Date "2020.10.20"]
[Round "1"]
[White "Ranindu2003"]
[Black "HanSchut"]
[Result "1/2-1/2"]
[WhiteElo "2556"]
[BlackElo "2247"]
[TimeControl "180+1"]
[EndTime "10:07:47 PDT"]
[Termination "Game drawn by repetition"]

1. c4 Nf6 2. Nc3 d5 3. cxd5 Nxd5 4. e4 Nb6 5. d4 g6 6. Nf3 Bg7 7. Be2 O-O 8. O-O Bg4 9. Be3 Bxf3 10. Bxf3 Nc4 11. Qe2 Nxe3 12. fxe3 c5 13. dxc5 Nc6 14. Rfd1 Qa5 15. Nd5 e6 16. Nf4 Qxc5 17. Kh1 Rfd8 18.
Rac1 Qb6 19. b3 Rxd1+ 20. Rxd1 Rd8 21. Rxd8+ Qxd8 22. Nd3 Ne5 23. Nxe5 Bxe5 24. Qc2 Qc7 25. Qxc7 Bxc7 26. Kg1 Kf8 27. h3 Ke7 28. Kf2 Kd6 29.
Ke2 Kc5 30. a3 Be5 31. Kd3 Bb2 32. a4 Kb4 33. Bd1 Be5 34. g4 f6 35. h4 h6 36. h5 gxh5 37. gxh5 a6 38. Kc2 f5 39.
Bf3 b6 40. exf5 exf5 41. Bb7 a5 42. Bd5 f4 43. Kd3 fxe3 44. Kxe3 Bf6 45. Ke4 Kc5 46. Bc4 Bg5 47. Kf5 Bc1 48. Ke6 Bd2 49. Kd7 Bc1 50.
Ke6 Bd2 51. Kf5 Bc1 52. Ke4 Bd2 53. Kf3 Bc1 54. Ke2 Bg5 55. Kd1 Bf4 56. Kc2 Bg5 57.
Kc3 Bf4 58. Bb5 Bg5 59. Kd3 Bf4 60. Kc2 Bg5 61. Kd3 Bf4 62. Ke2 Bg5 63. Kf3 Bc1 64. Ke2 Bg5 65. Kd1 Bf4 66. Ke2 Bg5 1/2-1/2

[Event "*** Titled Tuesday Blitz"]
[Site "Chess.com"]
[Date "2020.10.20"]
[Round "1"]
[White "bazar-wokzal"]
[Black "rududuyk"]
[Result "1-0"]
[WhiteElo "2517"]
[BlackElo "2169"]
[TimeControl "180+1"]
[EndTime "10:07:47 PDT"]
[Termination "bazar-wokzal won by resignation"]

1. e4 e6 2. d4 d5 3. exd5 exd5 4. Nf3 Nf6 5. c4 Nc6 6. Nc3 Bb4 7. Bd3 dxc4 8.
Bxc4 O-O 9. O-O Bg4 10. Bg5 Bxf3 11. Qxf3 Qxd4 12. Bxf6 Qxf6 13. Qxf6 gxf6 14. Nd5 Bd6 15.
Nxf6+ Kg7 16. Ne4 Be5 17. Rad1 Rad8 18. b3 Rxd1 19. Rxd1 Rd8 20. Rxd8 Nxd8 21. Kf1 Nc6 22. g3 Nb4 23. f4 Bd4 24. a4 c6 25. Nd6 b5 26.
axb5 cxb5 27. Bxb5 Bc5 28. Ne4 Bd4 29. Ke2 a5 30. Kf3 f5 31. Nd6 Kf6 32. Nc4 Bg1 33.
Nxa5 Nd5 34. Bc4 Ne3 35. Nc6 Nxc4 36. bxc4 h5 37. h3 Bc5 38. Ne5 Bd4 39. Nd3 Ke6 40. Ke2 Kd6 41. Kd2 Kc6 42. Kc2 Be3 43. Ne5+ Kc5 44.
Kd3 Bf2 45. g4 hxg4 46. hxg4 fxg4 47. Nxg4 Bg3 48. f5 Bh4 49. f6 Kd6 50. Ke4 Ke6 51.
c5 Bxf6 52. Nxf6 Kxf6 53. Kd5 Ke7 54. Kc6 Kd8 55. Kb7 1-0

[Event "*** Titled Tuesday Blitz"]
[Site "Chess.com"]
[Date "2020.10.20"]
[Round "1"]
[White "Nara_Kh"]
[Black "TrimitziosP7"]
[Result "0-1"]
[WhiteElo "2382"]
[BlackElo "2774"]
[TimeControl "180+1"]
[EndTime "10:07:48 PDT"]
[Termination "TrimitziosP7 won by checkmate"]

1. e4 e5 2. Nf3 Nc6 3. Bb5 Nge7 4. O-O g6 5. c3 Bg7 6. d4 exd4 7. cxd4 d5 8. e5 O-O 9. h3 a6 10. Ba4 Be6 11.
Nc3 Na5 12. Bg5 h6 13. Bf4 Nc4 14. Qc1 Kh7 15. Bc2 Bf5 16. b3 Nb6 17. g4 Be6 18. Kg2 Rc8 19. Ne2 c5 20. Ng3 c4 21. Nh5 Ng8 22. Bg3 cxb3 23. axb3 Qc7 24. Ra2 Qe7 25. Bh4 Qb4 26. Nxg7 Kxg7 27. Qe3 Rc3 28. Qd2 Rfc8 29. Rd1 Qb5 30. Bg3 Qc6 31. Bb1 Rxb3 32. Rc2 Nc4 33. Qc1 Qd7 34. Rc3 Rxc3 35. Qxc3 Nd6 36.
Qb3 Ne4 37. Bf4 Rc3 38. Qb6 Bxg4 39. hxg4 Qxg4+ 40. Kf1 Qxf3 41. Bxe4 Qxd1+ 42. Kg2 Qg4+ 43. Bg3 Qxe4+ 44. Kh2 Rc1 45. Qxb7 Rh1# 0-1